[Event "7th Francophone-ch 2019"]
[Site "Paris"]
[Date "2019.08.08"]
[Round "5.6"]
[White "Macon, Arthur"]
[Black "Flom, Gabriel"]
[Result "0-1"]
[ECO "A49"]
[WhiteElo "2270"]
[BlackElo "2494"]
[Annotator "ChessBase"]
[PlyCount "96"]
[EventDate "2019.08.04"]
[EventType "swiss"]
[EventCountry "FRA"]
[SourceTitle "playchess.com"]
[Source "ChessBase"]
[SourceQuality "1"]
[TimeControl "40/5400+30:1800+30"]

1. Nf3 Nf6 2. g3 g6 3. b3 Bg7 4. Bb2 d6 5. d4 O-O 6. Bg2 a5 7. a4 c6 8. O-O Ne4 9. Nfd2 Nxd2 10. Qxd2 f5 11. Na3 d5 12. f3 f4 13. e4 e6 14. Rae1 Nd7 15. Bh3 Nb6 16. Kg2 Bd7 17. Bc3 dxe4 18. fxe4 f3+ 19. Kh1 e5 20. Bxd7 Qxd7 21. Bxa5 f2 22. Re2 Qg4 23. Rexf2 Qxe4+ 24. Kg1 Rxf2 25. Rxf2 Nd5 26. Re2 Qxd4+ 27. Qxd4 exd4 28. Bd2 b5 29. Re6 Bf8 30. Rxc6 Bxa3 31. axb5 Rb8 32. Bh6 Rxb5 33. Rc8+ Kf7 34. Rh8 Nf6 35. Ra8 Bc5 36. Kg2 d3 37. cxd3 Rxb3 38. Rc8 Rb2+ 39. Kf1 Rxh2 40. Rxc5 Rxh6 41. Kg2 Rh5 42. Rc7+ Ke6 43. Kf3 Rf5+ 44. Ke2 Re5+ 45. Kf3 Kf5 46. Rf7 h5 47. Rf8 Rd5 48. Ke3 Rd6 0-1

[Event "7th Francophone-ch 2019"]
[Site "Paris"]
[Date "2019.08.08"]
[Round "5.7"]
[White "Defromont, Benjamin"]
[Black "Aloma Vidal, Robert"]
[Result "0-1"]
[ECO "B07"]
[WhiteElo "2245"]
[BlackElo "2419"]
[Annotator "NA"]
[PlyCount "110"]
[EventDate "2019.08.04"]
[EventType "swiss"]
[EventCountry "FRA"]
[SourceTitle "playchess.com"]
[Source "ChessBase"]
[SourceQuality "1"]
[TimeControl "40/5400+30:1800+30"]

1. e4 g6 2. d4 Bg7 3. Nf3 c6 4. Nbd2 d6 5. Bd3 Nf6 6. O-O O-O 7. Re1 Nbd7 8. Nf1 e5 9. c3 Re8 10. Ng3 Qc7 11. h3 Nf8 12. Be3 Ne6 13. Qd2 h5 14. a4 a5 15. Rad1 Nd7 16. Bc4 Nb6 17. Bb3 exd4 18. cxd4 d5 19. Bh6 Bd7 20. Bxg7 Kxg7 21. Ng5 h4 22. Nxe6+ Rxe6 23. Nf1 Rxe4 24. Rxe4 dxe4 25. Qg5 Qd6 26. Ne3 Qb4 27. Bc2 Re8 28. b3 f5 29. Qxh4 Be6 30. Qf4 Nd5 31. Qe5+ Nf6 32. Qc5 Qxc5 33. dxc5 f4 34. Nf1 Bd5 35. Rb1 Nd7 36. b4 axb4 37. Rxb4 Nxc5 38. Rb1 Kf6 39. g3 g5 40. Re1 Ke5 41. f3 Kd4 42. fxe4 Nxe4 43. h4 gxh4 44. gxf4 Rg8+ 45. Kh2 Rf8 46. Bxe4 Bxe4 47. Nd2 Rxf4 48. Nb3+ Kd5 49. Rd1+ Ke5 50. Nc5 b6 51. Nd7+ Kf5 52. Nxb6 Rf2+ 53. Kh3 Kg5 54. Rg1+ Kh5 55. Rg4 Bf5 0-1

[Event "7th Francophone-ch 2019"]
[Site "Paris"]
[Date "2019.08.08"]
[Round "5.8"]
[White "Berend, Elvira"]
[Black "Dudognon, Thibault"]
[Result "1-0"]
[ECO "C55"]
[WhiteElo "2344"]
[BlackElo "2247"]
[Annotator "NA"]
[PlyCount "91"]
[EventDate "2019.08.04"]
[EventType "swiss"]
[EventCountry "FRA"]
[SourceTitle "playchess.com"]
[Source "ChessBase"]
[SourceQuality "1"]
[TimeControl "40/5400+30:1800+30"]

1. e4 e5 2. Bc4 Nf6 3. d3 Be7 4. Nf3 Nc6 5. O-O O-O 6. a3 d6 7. h3 h6 8. Nc3 Be6 9. Bxe6 fxe6 10. d4 exd4 11. Nxd4 Nxd4 12. Qxd4 e5 13. Qc4+ Kh8 14. Nd5 Nxd5 15. exd5 Qd7 16. Be3 c5 17. Qe4 Qf5 18. Qxf5 Rxf5 19. c4 Bg5 20. b4 b6 21. bxc5 bxc5 22. Rab1 Rf7 23. Rb3 Kg8 24. Rfb1 Bxe3 25. fxe3 Raf8 26. Rb7 Rxb7 27. Rxb7 Rf7 28. Rb8+ Rf8 29. Rb5 Rf7 30. a4 g6 31. a5 Kg7 32. a6 Kg8 33. Rb8+ Rf8 34. Rb7 Rf7 35. Kh2 g5 36. h4 g4 37. h5 Rf2 38. Rxa7 Ra2 39. Kg3 Ra4 40. e4 Rxc4 41. Rb7 Rxe4 42. a7 Ra4 43. Rb8+ Kf7 44. a8=Q Rxa8 45. Rxa8 Kf6 46. Kxg4 1-0

[Event "7th Francophone-ch 2019"]
[Site "Paris"]
[Date "2019.08.08"]
[Round "5.9"]
[White "Daurelle, Herve"]
[Black "Mastrovasilis, Dimitrios"]
[Result "0-1"]
[ECO "B47"]
[WhiteElo "2185"]
[BlackElo "2589"]
[Annotator "ChessBase"]
[PlyCount "66"]
[EventDate "2019.08.04"]
[EventType "swiss"]
[EventCountry "FRA"]
[SourceTitle "playchess.com"]
[Source "ChessBase"]
[SourceQuality "1"]
[TimeControl "40/5400+30:1800+30"]

1. e4 c5 2. Nf3 e6 3. d4 cxd4 4. Nxd4 Nc6 5. Nc3 Qc7 6. Be2 a6 7. O-O b5 8. Nxc6 dxc6 9. Be3 Bb7 10. f4 Be7 11. Bf3 c5 12. f5 e5 13. Nd5 Bxd5 14. exd5 Rd8 15. Be4 Nf6 16. Qf3 c4 17. Rad1 Bc5 18. Bxc5 Qxc5+ 19. Kh1 h5 20. d6 O-O 21. d7 Rxd7 22. Rxd7 Nxd7 23. Qxh5 Nf6 24. Qe2 Qd4 25. Bb7 Rd8 26. c3 Qd3 27. Qe1 e4 28. Bxa6 e3 29. Bxb5 e2 30. Rg1 Qe3 31. Ba4 Ng4 32. h3 Qf4 33. g3 Qf3+ 0-1

[Event "7th Francophone-ch 2019"]
[Site "Paris"]
[Date "2019.08.08"]
[Round "5.10"]
[White "Ek, Alexandre"]
[Black "Prie, Eric"]
[Result "1/2-1/2"]
[ECO "B01"]
[WhiteElo "2212"]
[BlackElo "2436"]
[Annotator "NA"]
[PlyCount "95"]
[EventDate "2019.08.04"]
[EventType "swiss"]
[EventCountry "FRA"]
[SourceTitle "playchess.com"]
[Source "ChessBase"]
[SourceQuality "1"]
[TimeControl "40/5400+30:1800+30"]

1. e4 d5 2. exd5 Qxd5 3. Nc3 Qa5 4. d4 Nf6 5. Nf3 Bf5 6. Ne5 c6 7. Bc4 e6 8. g4 Bg6 9. h4 Nbd7 10. Nxd7 Nxd7 11. h5 Be4 12. O-O Bd5 13. Nxd5 cxd5 14. Bd3 g6 15. h6 Bd6 16. a4 O-O-O 17. Bd2 Qc7 18. a5 Kb8 19. a6 b6 20. Rc1 Bf4 21. c4 Bxd2 22. Qxd2 dxc4 23. Rxc4 Qd6 24. Rfc1 Rc8 25. Qe3 f5 26. gxf5 Rxc4 27. Rxc4 gxf5 28. Bxf5 Rg8+ 29. Kf1 b5 30. Qxe6 Qxe6 31. Bxe6 Rg6 32. Rc6 Nb6 33. d5 Rxh6 34. d6 Rxe6 35. d7 Rxc6 36. d8=Q+ Nc8 37. Qd5 Rxa6 38. Qxb5+ Rb6 39. Qe5+ Kb7 40. f4 Nd6 41. f5 Kc6 42. f6 Rb5 43. Qe6 Rb4 44. Kg1 Rf4 45. Qe5 Rf3 46. b4 a6 47. Qc5+ Kd7 48. Qe5 {[%emt 0:03:43] Ke8} 1/2-1/2

[Event "7th Francophone-ch 2019"]
[Site "Paris"]
[Date "2019.08.09"]
[Round "6.1"]
[White "Eugene, Floryan"]
[Black "Mastrovasilis, Athanasios"]
[Result "1/2-1/2"]
[ECO "C54"]
[WhiteElo "2300"]
[BlackElo "2518"]
[Annotator "ChessBase"]
[PlyCount "117"]
[EventDate "2019.08.04"]
[EventType "swiss"]
[EventCountry "FRA"]
[SourceTitle "playchess.com"]
[Source "ChessBase"]
[SourceQuality "1"]
[TimeControl "40/5400+30:1800+30"]

1. e4 e5 2. Nf3 Nc6 3. Bc4 Bc5 4. O-O Nf6 5. d3 d6 6. c3 a6 7. a4 Ba7 8. Re1 O-O 9. h3 Kh8 10. Nbd2 Ng8 11. Nf1 f5 12. exf5 Bxf5 13. d4 d5 14. Ba2 Be4 15. N1h2 exd4 16. Nxd4 Nxd4 17. cxd4 Nh6 18. Bxh6 gxh6 19. Bb1 Qh4 20. g3 Qf6 21. Ng4 Qxd4 22. Bxe4 dxe4 23. Qxd4+ Bxd4 24. Rxe4 c5 25. Rc1 Rae8 26. Rxe8 Rxe8 27. Kf1 h5 28. Nh2 Rf8 29. Rc2 b5 30. Kg2 c4 31. Nf3 Bf6 32. Nd2 Re8 33. Kf3 Rd8 34. Ne4 Rd3+ 35. Ke2 Bd4 36. axb5 axb5 37. Nc3 Bxc3 38. Rxc3 Rd5 39. h4 Kg7 40. b3 cxb3 41. Rxb3 Kf6 42. Ke3 Kf5 43. Rb4 h6 44. Rf4+ Kg6 45. Rd4 Rc5 46. Rd6+ Kg7 47. Rb6 Rc3+ 48. Ke4 Rb3 49. f3 Kh7 50. f4 Rxg3 51. Rxb5 Rg4 52. Rb7+ Kg8 53. Ke5 Rxh4 54. f5 Ra4 55. Rb8+ Kf7 56. Rb7+ Kf8 57. Rb6 Kg7 58. Rb7+ Kf8 59. Rb8+ 1/2-1/2

[Event "7th Francophone-ch 2019"]
[Site "Paris"]
[Date "2019.08.09"]
[Round "6.2"]
[White "Flom, Gabriel"]
[Black "Berend, Elvira"]
[Result "1-0"]
[ECO "E33"]
[WhiteElo "2494"]
[BlackElo "2344"]
[Annotator "ChessBase"]
[PlyCount "51"]
[EventDate "2019.08.04"]
[EventType "swiss"]
[EventCountry "FRA"]
[SourceTitle "playchess.com"]
[Source "ChessBase"]
[SourceQuality "1"]
[TimeControl "40/5400+30:1800+30"]

1. d4 Nf6 2. c4 e6 3. Nc3 Bb4 4. Qc2 Nc6 5. Nf3 d6 6. Bd2 O-O 7. a3 Bxc3 8. Bxc3 Qe7 9. e4 e5 10. d5 Nb8 11. Nd2 Nh5 12. g3 f5 13. Be2 Qf7 14. O-O-O fxe4 15. Nxe4 Bf5 16. Bd3 h6 17. f4 exf4 18. Nf6+ Nxf6 19. Bxf5 Kh8 20. Be6 Qh5 21. g4 Qh4 22. Be1 Qh3 23. g5 Ng4 24. gxh6 Qh5 25. hxg7+ Kxg7 26. Rg1 1-0

[Event "7th Francophone-ch 2019"]
[Site "Paris"]
[Date "2019.08.09"]
[Round "6.3"]
[White "Aloma Vidal, Robert"]
[Black "Philippe, Guillaume"]
[Result "1/2-1/2"]
[ECO "E14"]
[WhiteElo "2419"]
[BlackElo "2344"]
[Annotator "NA"]
[PlyCount "105"]
[EventDate "2019.08.04"]
[EventType "swiss"]
[EventCountry "FRA"]
[SourceTitle "playchess.com"]
[Source "ChessBase"]
[SourceQuality "1"]
[TimeControl "40/5400+30:1800+30"]

1. d4 Nf6 2. Nf3 e6 3. e3 b6 4. Bd3 Bb7 5. O-O c5 6. c4 Be7 7. Nc3 cxd4 8. exd4 d5 9. cxd5 Nxd5 10. Ne5 $11 O-O $1 11. Qg4 f5 12. Qe2 Nc7 13. Bc4 Nba6 14. a3 Qxd4 15. Rd1 Qh4 16. b4 Bf6 17. Bb2 Rae8 18. Nd7 Rf7 19. g3 Qh3 20. f4 h5 21. Nxf6+ gxf6 22. Qf1 Qxf1+ 23. Bxf1 h4 24. Bg2 Bxg2 25. Kxg2 hxg3 26. hxg3 Kg7 27. Rd6 Kg6 28. Rad1 Rfe7 29. Kf3 Rh8 30. Rd7 Rxd7 31. Rxd7 Rh2 32. Ne2 b5 33. Bd4 Nd5 34. Rxa7 Nac7 35. Bg1 Rh1 36. Kg2 Rh8 37. a4 bxa4 38. Rxa4 Rb8 39. Bc5 Rb7 40. Nd4 e5 41. Nc6 exf4 42. gxf4 Nxf4+ 43. Kf3 Nfd5 44. Nd4 Nb5 45. Ne6 Nbc3 46. Ra8 Nxb4 47. Rg8+ Kh7 48. Rg1 Nbd5 49. Nf8+ Kh8 50. Ng6+ Kh7 51. Nf8+ Kh8 52. Ng6+ Kh7 53. Nf8+ 1/2-1/2

[Event "7th Francophone-ch 2019"]
[Site "Paris"]
[Date "2019.08.09"]
[Round "6.4"]
[White "Okhotnik, Vladimir"]
[Black "Bergez, Luc"]
[Result "0-1"]
[ECO "D00"]
[WhiteElo "2381"]
[BlackElo "2308"]
[Annotator "NA"]
[PlyCount "92"]
[EventDate "2019.08.04"]
[EventType "swiss"]
[EventCountry "FRA"]
[SourceTitle "playchess.com"]
[Source "ChessBase"]
[SourceQuality "1"]
[TimeControl "40/5400+30:1800+30"]

1. Nf3 Nf6 2. d4 g6 3. Nc3 d5 4. Bf4 c6 5. e3 Bg7 6. h3 O-O 7. Bd3 b6 $11 8. O-O Bb7 9. Re1 c5 10. Ne5 Nfd7 11. Nf3 Nf6 12. Be2 Ne4 13. Nxe4 dxe4 14. Ne5 cxd4 15. Qxd4 Qxd4 16. exd4 Nc6 17. c3 Nxe5 18. dxe5 Rfd8 19. Rad1 Bd5 20. a3 Bb3 21. Rxd8+ Rxd8 22. Ba6 g5 23. Bxg5 Bxe5 24. Bxe7 Rd2 25. Rxe4 Rd1+ 26. Bf1 f6 27. f4 Bd5 28. Ra4 b5 29. Ra6 Bxf4 30. Rxf6 Bg5 31. Rf8+ Kg7 32. Bc5 Be3+ 33. Bxe3 Kxf8 34. Kf2 a6 35. Bc5+ Kf7 36. a4 Rd2+ 37. Ke3 Rxb2 38. axb5 a5 39. c4 Bxg2 40. Bd3 h5 41. Bd4 Rb3 42. Kd2 Bxh3 43. Kc2 a4 44. b6 Ke6 45. Be4 Bf5 46. Bxf5+ Kxf5 0-1

[Event "7th Francophone-ch 2019"]
[Site "Paris"]
[Date "2019.08.09"]
[Round "6.5"]
[White "Mastrovasilis, Dimitrios"]
[Black "Gerber, Richard"]
[Result "1-0"]
[ECO "B76"]
[WhiteElo "2589"]
[BlackElo "2310"]
[Annotator "ChessBase"]
[PlyCount "115"]
[EventDate "2019.08.04"]
[EventType "swiss"]
[EventCountry "FRA"]
[SourceTitle "playchess.com"]
[Source "ChessBase"]
[SourceQuality "1"]
[TimeControl "40/5400+30:1800+30"]

1. e4 c5 2. Nf3 d6 3. d4 cxd4 4. Nxd4 Nf6 5. Nc3 g6 6. Be3 Bg7 7. f3 Nc6 8. Qd2 O-O 9. g4 Be6 10. Nxe6 fxe6 11. O-O-O Rc8 12. Bc4 Qd7 13. Bb3 Na5 14. h4 Nc4 15. Bxc4 Rxc4 16. Ne2 Rfc8 17. c3 Qe8 18. Kb1 Qf7 19. h5 Nd7 20. Rh3 a5 21. hxg6 hxg6 22. Rdh1 b5 23. Bh6 Nf8 24. Bxg7 Qxg7 25. Rh8+ Qxh8 26. Rxh8+ Kxh8 27. Qg5 R4c7 28. Qxb5 Rc5 29. Qa4 e5 30. Nc1 Rb8 31. Nb3 Rcb5 32. c4 Rb4 33. Qxa5 Rxc4 34. Qd5 Rc7 35. Nd2 Kg7 36. Nc4 Rc5 37. Qd3 Ne6 38. b3 Rb4 39. Ka1 g5 40. Ne3 Nd4 41. Qd2 Nc6 42. Nc2 Rb8 43. Qxg5+ Kf7 44. Qh5+ Kg7 45. Ne3 e6 46. Qg5+ Kf7 47. Qh6 Nd4 48. g5 Ke7 49. Qh7+ Kd8 50. Kb2 Nc6 51. g6 Ne7 52. Qf7 Kd7 53. Ng4 d5 54. Nxe5+ Kd6 55. Nd3 Rcc8 56. Qf4+ Kc6 57. Ne5+ Kb5 58. Qf7 1-0

[Event "7th Francophone-ch 2019"]
[Site "Paris"]
[Date "2019.08.09"]
[Round "6.6"]
[White "Eden, James"]
[Black "David, Alberto"]
[Result "1/2-1/2"]
[ECO "B15"]
[WhiteElo "2343"]
[BlackElo "2553"]
[Annotator "ChessBase"]
[PlyCount "129"]
[EventDate "2019.08.04"]
[EventType "swiss"]
[EventCountry "FRA"]
[SourceTitle "playchess.com"]
[Source "ChessBase"]
[SourceQuality "1"]
[TimeControl "40/5400+30:1800+30"]

1. e4 c6 2. d4 d5 3. Nc3 g6 4. Be3 Bg7 5. Qd2 dxe4 6. Nxe4 Nd7 7. O-O-O Ngf6 8. Nxf6+ Nxf6 9. f3 Be6 10. Kb1 Nd5 11. Bh6 Bxh6 12. Qxh6 Qb6 13. Qd2 O-O-O 14. Bc4 Nc7 15. Bxe6+ Nxe6 16. Ne2 Nxd4 17. Nxd4 e5 18. Qg5 exd4 19. Qf6 Rhf8 20. Rhe1 c5 21. Qg7 Qc7 22. Qxh7 Rh8 23. Qg7 Rxh2 24. Re2 Qd7 25. Qf6 Rh5 26. g4 Rd5 27. Re7 Rd6 28. Qxf7 Qc6 29. b3 Rf6 30. Rc7+ Qxc7 31. Qxf6 Qd6 32. Qxd6 Rxd6 33. c3 Rf6 34. cxd4 Rxf3 35. dxc5 Rf4 36. Rg1 Kc7 37. a3 g5 38. Rg3 Kc6 39. b4 a5 40. bxa5 Kxc5 41. Rb3 Kc6 42. Rb6+ Kc7 43. Rb4 Rf1+ 44. Kc2 Rg1 45. Kd2 Rg3 46. Ke2 Rxa3 47. Rb5 Kd6 48. Rxg5 Rb3 49. Kf2 Ke6 50. Rf5 b6 51. axb6 Rxb6 52. Kg3 Rb8 53. Kf4 Ra8 54. Kg3 Rg8 55. Rf4 Ke5 56. Kf3 Ke6 57. Kg3 Ke5 58. Rf1 Ke6 59. Rf2 Ke5 60. Rf4 Ke6 61. Kh4 Ke5 62. Rf7 Ke6 63. Rf5 Rh8+ 64. Rh5 Rg8 65. Rf5 {[%emt 0:19:03] Ke5} 1/2-1/2

[Event "7th Francophone-ch 2019"]
[Site "Paris"]
[Date "2019.08.09"]
[Round "6.7"]
[White "Shchekachev, Andrei"]
[Black "Le Goff, Ronan"]
[Result "1-0"]
[ECO "A07"]
[WhiteElo "2531"]
[BlackElo "2281"]
[Annotator "ChessBase"]
[PlyCount "141"]
[EventDate "2019.08.04"]
[EventType "swiss"]
[EventCountry "FRA"]
[SourceTitle "playchess.com"]
[Source "ChessBase"]
[SourceQuality "1"]
[TimeControl "40/5400+30:1800+30"]

1. Nf3 d5 2. g3 Nf6 3. Bg2 e6 4. O-O Be7 5. d3 O-O 6. Bf4 Nc6 7. d4 a6 8. Ne5 Nxe5 9. dxe5 Nd7 10. e4 c6 11. h4 f6 12. exf6 Bxf6 13. Bc1 Nc5 14. Nd2 e5 15. exd5 cxd5 16. Nb3 Ne4 17. c4 dxc4 18. Bxe4 Qxd1 19. Rxd1 cxb3 20. axb3 Bg4 21. f3 Be6 22. b4 Be7 23. Bd2 Bb3 24. Re1 Rad8 25. Bc3 Bd5 26. f4 Bxe4 27. Rxe4 Rd3 28. Kg2 Bd6 29. fxe5 Be7 30. h5 Rf5 31. Rh1 h6 32. e6 Rff3 33. Rg4 Bg5 34. Rf1 Rxf1 35. Kxf1 Rf3+ 36. Kg1 Re3 37. Bd2 Re5 38. Bxg5 hxg5 39. Kf2 Kf8 40. Rc4 Rxe6 41. Rc8+ Kf7 42. Rc7+ Kg8 43. Rxb7 g4 44. b5 axb5 45. Rxb5 Kh7 46. Rb4 Kh6 47. Rxg4 Kxh5 48. Rc4 g5 49. b4 Re5 50. Rc3 Kg4 51. Rb3 Rb5 52. Kg2 Kf5 53. Kf3 Ke5 54. Kg4 Ke4 55. Rb1 Kd3 56. Kh5 Ke2 57. Rb3 Kf2 58. g4 Kg2 59. Kg6 Kf2 60. Kf7 Ke2 61. Kf6 Kf2 62. Ke6 Ke2 63. Kd6 Kf2 64. Kc6 Re5 65. b5 Re1 66. b6 Rc1+ 67. Kb5 Rh1 68. b7 Rh8 69. Ka6 Rh6+ 70. Ka7 Rh7 71. Ka8 1-0

[Event "7th Francophone-ch 2019"]
[Site "Paris"]
[Date "2019.08.09"]
[Round "6.8"]
[White "Najart, David"]
[Black "Rakotomaharo, Fy Antenaina"]
[Result "1/2-1/2"]
[ECO "A11"]
[WhiteElo "2280"]
[BlackElo "2419"]
[Annotator "NA"]
[PlyCount "158"]
[EventDate "2019.08.04"]
[EventType "swiss"]
[EventCountry "FRA"]
[SourceTitle "playchess.com"]
[Source "ChessBase"]
[SourceQuality "1"]
[TimeControl "40/5400+30:1800+30"]

1. c4 Nf6 2. g3 c6 3. Nf3 d5 4. Bg2 Bf5 5. O-O e6 6. cxd5 exd5 7. d3 Na6 $11 8. a3 Be7 9. Qc2 O-O 10. Nc3 h6 11. h3 Bh7 12. b4 Nc7 13. Rb1 Re8 14. a4 Na6 15. Na2 Rc8 16. Be3 b6 17. Rfc1 c5 18. bxc5 bxc5 19. Rb7 c4 20. Rxa7 Nc5 21. Nd4 Bd6 22. Nb5 Rxe3 23. fxe3 Bxg3 24. Qb2 Qe8 25. e4 dxe4 26. d4 Nb3 27. Rxc4 Rd8 28. e3 Bb8 29. Ra6 Qd7 30. Qxb3 Nh5 31. Rc5 Ng3 32. Nb4 Qe7 33. Rd5 Rc8 34. Rc6 Rf8 35. Qc4 Bf5 36. Qc5 Qg5 37. Kf2 Qh4 38. Ke1 Bxh3 39. Bxh3 Qxh3 40. Qc2 Qh1+ 41. Kd2 Nf1+ 42. Kc3 Nxe3 43. Qe2 Bf4 44. Rdc5 Kh7 45. Kb3 f5 46. Rc1 Qh3 47. R6c3 Bg5 48. Nd5 f4 49. Nxe3 fxe3 50. Qc4 Rf2 51. d5 Qg2 52. Rg1 Rb2+ 53. Ka3 Be7+ 54. d6 Qxg1 55. Qxe4+ Qg6 56. Qxe3 Bg5 57. Qd3 Qxd3 58. Rxd3 Bc1 59. Rc3 Rxb5+ 60. Rxc1 Rd5 61. Kb4 Rxd6 62. a5 h5 63. Kc5 Rd8 64. Kb6 Rb8+ 65. Kc7 Ra8 66. Rc5 Kh6 67. Kb7 Rf8 68. a6 h4 69. a7 h3 70. Rc3 Rf7+ 71. Kb8 Rxa7 72. Rxh3+ Kg5 73. Kxa7 Kf4 74. Kb6 g5 75. Kc5 g4 76. Rh4 Kf3 77. Kd4 g3 78. Rh3 Kf2 79. Ke4 g2 1/2-1/2

[Event "7th Francophone-ch 2019"]
[Site "Paris"]
[Date "2019.08.09"]
[Round "6.10"]
[White "Hemam, Moulaye Brahim"]
[Black "Piscopo, Pierluigi"]
[Result "0-1"]
[ECO "A44"]
[WhiteElo "2052"]
[BlackElo "2407"]
[Annotator "NA"]
[PlyCount "86"]
[EventDate "2019.08.04"]
[EventType "swiss"]
[EventCountry "FRA"]
[SourceTitle "playchess.com"]
[Source "ChessBase"]
[SourceQuality "1"]
[TimeControl "40/5400+30:1800+30"]

1. d4 c5 2. d5 e5 3. e4 d6 4. c4 Be7 5. Nc3 $14 Bg5 6. Nf3 Bxc1 7. Qxc1 Ne7 8. Bd3 O-O 9. O-O Ng6 10. g3 h6 11. Qe3 Nd7 12. Nd2 Nf6 13. f3 Bh3 14. Rf2 Nh7 15. Ne2 Ne7 16. f4 Nf6 17. f5 Ng4 18. Qf3 Kh8 19. Nc3 Nxf2 20. Kxf2 Ng8 21. g4 Qg5 22. Qe3 Qxe3+ 23. Kxe3 Bxg4 24. h3 Bxh3 25. Be2 Nf6 26. Rg1 h5 27. Kf2 g6 28. Rh1 Bg4 29. Bxg4 Nxg4+ 30. Kg3 a6 31. Nf3 Kg7 32. fxg6 fxg6 33. Ng5 Kh6 34. Ne6 Rf7 35. Rb1 Raf8 36. Nxf8 Rxf8 37. b4 cxb4 38. Rxb4 Kg5 39. Rxb7 h4+ 40. Kg2 Rf2+ 41. Kh1 h3 42. Rb1 Rh2+ 43. Kg1 Rg2+ 0-1

[Event "7th Francophone-ch 2019"]
[Site "Paris"]
[Date "2019.08.10"]
[Round "7.1"]
[White "Bergez, Luc"]
[Black "Flom, Gabriel"]
[Result "0-1"]
[ECO "C15"]
[WhiteElo "2308"]
[BlackElo "2494"]
[Annotator "ChessBase"]
[PlyCount "82"]
[EventDate "2019.08.04"]
[EventType "swiss"]
[EventCountry "FRA"]
[SourceTitle "playchess.com"]
[Source "ChessBase"]
[SourceQuality "1"]
[TimeControl "40/5400+30:1800+30"]

1. e4 e6 2. d4 d5 3. Nc3 Bb4 4. Bd3 dxe4 5. Bxe4 Nf6 6. Bd3 c5 7. a3 Ba5 8. Nge2 cxd4 9. Nxd4 O-O 10. Bg5 e5 11. Ndb5 a6 12. Nd6 Bxc3+ 13. bxc3 h6 14. Bh4 Qe7 15. O-O Rd8 16. Nxc8 Rxc8 17. Qf3 g5 18. Bg3 e4 19. Rfe1 Rxc3 20. Rxe4 Nxe4 21. Re1 Nd7 22. Rxe4 Qf6 23. Qe3 Rxd3 24. cxd3 Qa1+ 25. Qe1 Qxa3 26. h4 Nf6 27. Rd4 Re8 28. Qf1 Qc3 29. Rc4 Qd2 30. f3 Nd5 31. Re4 Rxe4 32. dxe4 Ne3 33. Qf2 Qc1+ 34. Qe1 Qxe1+ 35. Bxe1 Nc2 36. Bd2 gxh4 37. Kf2 Kh7 38. Ke2 Nd4+ 39. Kd3 h3 40. gxh3 Nxf3 41. Bc3 Kg6 0-1

[Event "7th Francophone-ch 2019"]
[Site "Paris"]
[Date "2019.08.10"]
[Round "7.2"]
[White "Piscopo, Pierluigi"]
[Black "Mastrovasilis, Dimitrios"]
[Result "0-1"]
[ECO "B47"]
[WhiteElo "2407"]
[BlackElo "2589"]
[Annotator "ChessBase"]
[PlyCount "156"]
[EventDate "2019.08.04"]
[EventType "swiss"]
[EventCountry "FRA"]
[SourceTitle "playchess.com"]
[Source "ChessBase"]
[SourceQuality "1"]
[TimeControl "40/5400+30:1800+30"]

1. e4 c5 2. Nf3 e6 3. d4 cxd4 4. Nxd4 Nc6 5. Nc3 Qc7 6. g4 a6 7. h4 b5 8. Nxc6 Qxc6 9. Bg2 Bb7 10. a3 Bc5 11. Bf4 Ne7 12. h5 h6 13. Qe2 f6 14. Rh3 O-O 15. O-O-O Rac8 16. Kb1 b4 17. axb4 Bxb4 18. Rhd3 Rfd8 19. Na2 Bc5 20. Rc3 Qb6 21. Rb3 Qa7 22. Bd6 Bc6 23. Bxc5 Qxc5 24. Qe3 Bb5 25. Qxc5 Rxc5 26. Bf1 Bxf1 27. Rxf1 Nc6 28. Rd1 Ne5 29. f3 a5 30. Nc3 Kf8 31. Ne2 a4 32. Ra3 Rc4 33. Rd4 Rdc8 34. Rxa4 Rxc2 35. Nf4 Ke8 36. Ra7 Rc1+ 37. Ka2 R1c7 38. Ra3 Rb8 39. Rda4 Nc4 40. Rb3 Rxb3 41. Kxb3 Nd2+ 42. Ka3 Nxf3 43. Ra8+ Ke7 44. Ng6+ Kd6 45. Rg8 Nh2 46. Rxg7 Nxg4 47. b4 Rc3+ 48. Ka4 Rc4 49. Ka5 Rxe4 50. b5 Re1 51. Kb6 Rb1 52. Ne7 f5 53. Nc8+ Ke5 54. Rxd7 f4 55. Nd6 f3 56. Nc4+ Kf5 57. Rd3 f2 58. Rf3+ Kg5 59. Nd2 Re1 60. Kc7 Re2 61. Nf1 e5 62. b6 Rc2+ 63. Kd6 Rb2 64. Kc7 e4 65. Rg3 Kf4 66. b7 e3 67. Rxg4+ Kxg4 68. Nxe3+ Kxh5 69. b8=Q Rxb8 70. Kxb8 Kg5 71. Kc7 Kf4 72. Nf1 h5 73. Kd6 h4 74. Kd5 Kf3 75. Ke5 Ke2 76. Nh2 f1=Q 77. Nxf1 Kxf1 78. Kf4 Kg2 0-1

[Event "7th Francophone-ch 2019"]
[Site "Paris"]
[Date "2019.08.10"]
[Round "7.3"]
[White "Philippe, Guillaume"]
[Black "Shchekachev, Andrei"]
[Result "1/2-1/2"]
[ECO "A00"]
[WhiteElo "2344"]
[BlackElo "2531"]
[Annotator "ChessBase"]
[PlyCount "89"]
[EventDate "2019.08.04"]
[EventType "swiss"]
[EventCountry "FRA"]
[SourceTitle "playchess.com"]
[Source "ChessBase"]
[SourceQuality "1"]
[TimeControl "40/5400+30:1800+30"]

1. Nf3 Nf6 2. e3 g6 3. b4 e6 4. a3 Bg7 5. Bb2 O-O 6. c4 b6 7. Be2 Bb7 8. O-O c5 9. Qb3 Na6 10. d4 d6 11. dxc5 bxc5 12. b5 Nc7 13. Nbd2 Qe7 14. a4 Rab8 15. a5 e5 16. Qc2 Ng4 17. h3 Nh6 18. Nh2 f5 19. Rae1 Ne6 20. f4 Rbe8 21. Bf3 e4 22. Bd1 g5 23. Bxg7 Qxg7 24. Nb3 gxf4 25. exf4 Nd4 26. Nxd4 cxd4 27. c5 dxc5 28. Qxc5 Ba8 29. g4 Rc8 30. Qb4 Rc3 31. g5 Rxh3 32. b6 axb6 33. axb6 Ng4 34. Nxg4 fxg4 35. Bb3+ Kh8 36. Ra1 Rg3+ 37. Kh2 Rh3+ 38. Kg1 Bb7 39. Ra7 Rg3+ 40. Kh2 Rh3+ 41. Kg1 Re8 42. Ba4 Rg3+ 43. Kh2 Rh3+ 44. Kg1 Rg3+ 45. Kh2 1/2-1/2

[Event "7th Francophone-ch 2019"]
[Site "Paris"]
[Date "2019.08.10"]
[Round "7.4"]
[White "Mastrovasilis, Athanasios"]
[Black "Aloma Vidal, Robert"]
[Result "1/2-1/2"]
[ECO "D38"]
[WhiteElo "2518"]
[BlackElo "2419"]
[Annotator "ChessBase"]
[PlyCount "93"]
[EventDate "2019.08.04"]
[EventType "swiss"]
[EventCountry "FRA"]
[SourceTitle "playchess.com"]
[Source "ChessBase"]
[SourceQuality "1"]
[TimeControl "40/5400+30:1800+30"]

1. d4 Nf6 2. c4 e6 3. Nc3 Bb4 4. Nf3 d5 5. cxd5 exd5 6. Bg5 h6 7. Bxf6 Qxf6 8. Qb3 c5 9. a3 Bxc3+ 10. Qxc3 Nd7 11. e3 c4 12. a4 O-O 13. Be2 Qg6 14. O-O Nf6 15. Ne5 Qg5 16. f3 Nd7 17. b3 Nxe5 18. f4 Qg6 19. fxe5 cxb3 20. Qxb3 Be6 21. Bf3 Rac8 22. Qxb7 Qg5 23. Rae1 a5 24. Qb5 Qd8 25. Rc1 Rb8 26. Qd3 Rb4 27. Rc6 Qg5 28. Rc5 Rfb8 29. Rxa5 Rb3 30. Qe2 Rxe3 31. Qf2 Rd3 32. h4 Qd8 33. Ra6 Rb6 34. Ra7 Qb8 35. Re7 Rb7 36. Rxb7 Qxb7 37. a5 Ra3 38. Qc2 Rxa5 39. Rb1 Qa7 40. Kh2 g6 41. Qd2 Kh7 42. h5 g5 43. Bd1 Ra2 44. Rb2 Rxb2 45. Qxb2 Kg8 46. Bc2 Qa5 47. Qb8+ 1/2-1/2

[Event "7th Francophone-ch 2019"]
[Site "Paris"]
[Date "2019.08.10"]
[Round "7.5"]
[White "David, Alberto"]
[Black "Eugene, Floryan"]
[Result "1-0"]
[ECO "B07"]
[WhiteElo "2553"]
[BlackElo "2300"]
[Annotator "ChessBase"]
[PlyCount "97"]
[EventDate "2019.08.04"]
[EventType "swiss"]
[EventCountry "FRA"]
[SourceTitle "playchess.com"]
[Source "ChessBase"]
[SourceQuality "1"]
[TimeControl "40/5400+30:1800+30"]

1. d4 Nf6 2. Nf3 g6 3. Nbd2 Bg7 4. e4 d6 5. Bb5+ c6 6. Bd3 O-O 7. O-O Nbd7 8. Re1 e5 9. c3 Re8 10. h3 Qc7 11. Bc2 b6 12. Nf1 Bb7 13. Ng3 Rad8 14. Bg5 h6 15. Bd2 d5 16. exd5 Nxd5 17. Qc1 exd4 18. Rxe8+ Rxe8 19. cxd4 h5 20. Bh6 Bxh6 21. Qxh6 Qf4 22. Ng5 Nf8 23. N3e4 f5 24. g3 Qc7 25. Nc3 Nxc3 26. bxc3 c5 27. Rd1 c4 28. d5 Re2 29. Ne6 Nxe6 30. dxe6 Rxe6 31. Bxf5 Rd6 32. Rxd6 Qxd6 33. Qxg6+ Qxg6 34. Bxg6 b5 35. a3 h4 36. Kf1 Bc8 37. g4 Bd7 38. Be4 Kg7 39. f4 a5 40. Kf2 b4 41. cxb4 axb4 42. axb4 c3 43. Bd3 Bc6 44. g5 Bd7 45. f5 Bc6 46. Ke3 Kf8 47. b5 Bg2 48. b6 Ke7 49. f6+ 1-0